cohdb
Replays
Latest Replays
All Replays
Popular Replays
Top Player Replays
Match Explorer
How It Works
Community
CoH3 Stats
Reddit
Sign in to upload your games and track your stats! →
Sign in with Steam
Match 41114368
Unlisted
Match 41114368
Overview
Messages
Build Orders
End
Construct Section Command Post
Infantry Section
Infantry Section
Infantry Section
ML 3-inch Mortar Team
Construct Platoon Command Post
Selects Heavy Armor Battlegroup
Selects Rigorous Vehicle Training
Humber Armored Car
Selects Light Vehicle Withdraw and Refit
Selects Radio Net
Construct Field Infirmary
Infantry Section
6-pounder Anti-tank Gun Team
Grenade Package
Construct Company Command Post
Crusader II Medium Tank
Crusader II Medium Tank
Crusader II Medium Tank
Selects Forward Repair Assembly
Selects UNKNOWN (2162094)
Selects Recon Artillery
Royal Engineer Section
Armored Vehicle Training
Recon Artillery
Crusader II Medium Tank
Crusader II Medium Tank
Sukulaku
Bego
atank
Fatal Thoughts
0
0
Comments
sign in to comment!
No comments posted yet!